 Dungeon Crawl Stone Soup version 0.28-a0-687-gb91baff9cc (webtiles) character file.

Game seed: 12069405797336559761

129 Strat the Covert (level 5, -6/47 HPs)
             Began as a Gnoll Delver on Oct 19, 2021.
             Mangled by Grinder (9 damage)
             ... on level 3 of the Dungeon.
             The game lasted 00:07:10 (3771 turns).

Strat the Covert (Gnoll Delver)                     Turns: 3771, Time: 00:07:11

Health: -6/47      AC:  7    Str: 12    XL:     5   Next: 12%
Magic:  7/7        EV: 14    Int:  9    God:
Gold:   164        SH:  0    Dex: 14    Spells: 6/6 levels left

rFire   . . .      SeeInvis .   a - +0 flail
rCold   . . .      Faith    .   (no shield)
rNeg    . . .      Spirit   .   v - +0 scale mail
rPois   .          Reflect  .   o - +1 hat
rElec   .          Harm     .   (no cloak)
rCorr   .          Rampage  .   (no gloves)
Will    +....                   (no boots)
Stlth   +++.......              (no amulet)
HPRegen 0.15/turn               y - ring of willpower
MPRegen 0.10/turn               z - +4 ring of evasion

@: hasted, very quick
A: fangs 1, strong nose, distributed training
a: no special abilities


You were on level 3 of the Dungeon.
You visited 1 branch of the dungeon, and saw 5 of its levels.

You collected 164 gold pieces.

Inventory:

Hand Weapons
 a - a +0 flail (weapon)
 b - a +0 hunting sling
Missiles
 i - 59 stones (quivered)
 l - 6 javelins
 u - 33 sling bullets
Armour
 n - a +0 ring mail
 o - a +1 hat (worn)
 t - a +0 leather armour
 v - a +0 scale mail (worn)
Jewellery
 y - a ring of willpower (left hand)
 z - a +4 ring of evasion (right hand)
Wands
 g - a wand of digging (3)
 x - a wand of paralysis (12)
Scrolls
 c - 2 scrolls of fog
 d - a scroll of magic mapping
 e - a scroll of fear
 h - a scroll of enchant armour {unknown}
 m - 2 scrolls of identify {unknown}
 p - a scroll of teleportation {unknown}
 s - a scroll of enchant weapon {unknown}
 w - a scroll of acquirement {unknown}
Potions
 j - a potion of brilliance {unknown}
 k - 2 potions of resistance {unknown}
 q - a potion of might {unknown}
 r - a potion of ambrosia {unknown}


   Skills:
 + Level 6.6 Fighting
 + Level 1.3 Short Blades
 + Level 1.3 Long Blades
 + Level 1.3 Axes
 + Level 4.7 Maces & Flails
 + Level 1.3 Polearms
 + Level 1.3 Staves
 + Level 1.3 Slings
 + Level 1.3 Bows
 + Level 1.3 Crossbows
 + Level 1.3 Throwing
 + Level 1.3 Armour
 + Level 4.7 Dodging
 + Level 9.6 Stealth
 + Level 1.3 Shields
 + Level 1.3 Unarmed Combat
 + Level 1.3 Spellcasting
 + Level 1.1 Conjurations
 + Level 1.1 Hexes
 + Level 1.1 Summonings
 + Level 1.1 Necromancy
 + Level 1.1 Translocations
 + Level 1.1 Transmutations
 + Level 1.1 Fire Magic
 + Level 1.1 Ice Magic
 + Level 1.1 Air Magic
 + Level 1.1 Earth Magic
 + Level 1.1 Poison Magic
 + Level 1.5 Invocations
 + Level 1.3 Evocations


You had 6 spell levels left.
You didn't know any spells.
Your spell library contained the following spells:

 Spells                   Type           Power      Damage    Failure   Level
 Sandblast                Erth           4%         2d4       77%         1
 Passwall                 Tmut/Erth      1%         N/A       88%         2
 Stone Arrow              Conj/Erth      4%         3d7       98%         3
 Airstrike                Air            1%         N/A       100%        4
 Summon Lightning Spire   Summ/Air       2%         N/A       100%        4
 Lightning Bolt           Conj/Air       1%         1d12      100%        5


Dungeon Overview and Level Annotations

Branches:
Dungeon (5/15)
 Temple: D:4-7

Altars:
Kikubaaqudgha
Nemelex Xobeh
Qazlal

Annotations:
D:2 1 runed translucent door, Crazy Yiuf
D:3 2 transporters, Grinder; Hubris850's ghost, amateur TrHu; Sigmund


Innate Abilities, Weirdness & Mutations

You have very sharp teeth.
Your uncanny sense of smell can sniff out nearby items.
Your experience applies equally to all skills.


Message History

Your scale mail prevents you from hitting Grinder.
Grinder is lightly wounded.
Grinder hits you.
You writhe in agony.
You thump Grinder!
Grinder is moderately wounded.
Grinder hits you but does no damage. Grinder hits you.
You writhe in agony.
* * * LOW HITPOINT WARNING * * *
You are too injured to fight recklessly!
You barely miss Grinder.
Grinder is moderately wounded.
Grinder gestures at you. You resist with almost no effort.
You hit Grinder.
Grinder is moderately wounded.
Grinder hits you.
* * * LOW HITPOINT WARNING * * *
You writhe in agony.
* * * LOW HITPOINT WARNING * * *
You closely miss Grinder. You bite Grinder.
Grinder is moderately wounded.
Grinder hits you.
* * * LOW HITPOINT WARNING * * *
You writhe in agony.
* * * LOW HITPOINT WARNING * * *
You hit Grinder.
Grinder is heavily wounded.
Grinder barely misses you.
You feel yourself speed up. Grinder misses you.
You closely miss Grinder.
Grinder is heavily wounded.
Grinder hits you.
* * * LOW HITPOINT WARNING * * *
You hit Grinder. You bite Grinder, but do no damage.
Grinder is heavily wounded.
Grinder hits you!
* * * LOW HITPOINT WARNING * * *
You hit Grinder.
Grinder is heavily wounded.
Grinder hits you!
You die...

#.# #.######.# #.
#.. #........#
#.##.# #........##
#.#... #.......#.#
#.#..# #........#
#.#... #........#
#.#..# #........#
#.#... #...@.)..#
#..... ####5###.#
###.#. #S# #.#
##.... #(# #.#
##.###.
##(##.#.#####.## ##
#.(..# #......# ##
##.#.## ##.....####.
#...(.## ##.....##.#
#.#.#..###..#......#


You could see Grinder and an adder.

Vanquished Creatures
  Natasha (D:3)
  Terence (D:2)
  3 gnolls (D:2)
  An adder (D:5)
  2 worms (D:3)
  4 ball pythons (D:1)
  3 endoplasms
  A giant cockroach (D:1)
  3 goblins
  5 hobgoblins
  3 jackals (D:2)
  2 quokkas
  5 bats
  3 frilled lizards
  2 kobolds (D:1)
  3 rats
42 creatures vanquished.

Notes
Turn   | Place    | Note
-------+----------+-------------------------------------------
     0 | D:5      | Reached skill level 9 in Stealth
     0 | D:5      | Strat the Gnoll Delver began the quest for the Orb.
     0 | D:5      | Reached XP level 1. HP: 23/23 MP: 1/1
   178 | D:5      | Reached XP level 2. HP: 17/29 MP: 2/2
   380 | D:4      | Found a sparkling altar of Nemelex Xobeh.
   496 | D:3      | HP: 1/29 [worm (10)]
  1017 | D:2      | Reached XP level 3. HP: 16/35 MP: 3/3
  1680 | D:1      | Reached skill level 1 in Invocations
  1749 | D:1      | Found a faded altar of an unknown god.
  2314 | D:2      | Reached skill level 1 in Short Blades
  2314 | D:2      | Reached skill level 1 in Long Blades
  2314 | D:2      | Reached skill level 1 in Axes
  2314 | D:2      | Reached skill level 1 in Polearms
  2314 | D:2      | Reached skill level 1 in Staves
  2314 | D:2      | Reached skill level 1 in Slings
  2314 | D:2      | Reached skill level 1 in Bows
  2314 | D:2      | Reached skill level 1 in Crossbows
  2314 | D:2      | Reached skill level 1 in Throwing
  2314 | D:2      | Reached skill level 1 in Armour
  2314 | D:2      | Reached skill level 1 in Shields
  2314 | D:2      | Reached skill level 1 in Unarmed Combat
  2314 | D:2      | Reached skill level 1 in Spellcasting
  2314 | D:2      | Reached skill level 1 in Evocations
  2335 | D:2      | Reached XP level 4. HP: 30/41 MP: 5/5
  2510 | D:2      | Noticed Terence
  2538 | D:2      | Killed Terence
  2832 | D:2      | Found an ancient bone altar of Kikubaaqudgha.
  2922 | D:2      | Found a runed translucent door.
  2923 | D:2      | Noticed Crazy Yiuf
  2955 | D:3      | Noticed Natasha
  2977 | D:3      | Reached skill level 1 in Conjurations
  2977 | D:3      | Reached skill level 1 in Hexes
  2977 | D:3      | Reached skill level 1 in Summonings
  2977 | D:3      | Reached skill level 1 in Necromancy
  2977 | D:3      | Reached skill level 1 in Translocations
  2977 | D:3      | Reached skill level 1 in Transmutations
  2977 | D:3      | Reached skill level 1 in Fire Magic
  2977 | D:3      | Reached skill level 1 in Ice Magic
  2977 | D:3      | Reached skill level 1 in Air Magic
  2977 | D:3      | Reached skill level 1 in Earth Magic
  2977 | D:3      | Reached skill level 1 in Poison Magic
  3129 | D:3      | Found a stormy altar of Qazlal.
  3360 | D:3      | Killed Natasha
  3361 | D:3      | Reached XP level 5. HP: 29/47 MP: 5/7
  3539 | D:3      | Found a transporter.
  3539 | D:3      | Noticed Hubris850's ghost (amateur TrHu)
  3542 | D:3      | Found a transporter.
  3638 | D:3      | Noticed Grinder
  3693 | D:3      | Noticed Sigmund
  3770 | D:3      | HP: 2/47 [Grinder (9)]
  3771 | D:3      | Mangled by Grinder

Illustrated notes

Levels and vault maps discovered:
D:1:      wander_arrival_lonely_grave, layout_basic, basic_ecumenical_altar,
          solitary_fountain, minmay_misc_feat_more_columns
D:2:      layout_loops_cross, basic_altar, uniq_crazy_yiuf_cottage, uniq_terence
D:3:      layout_loops_ring, lemuel_crystal_altar, gammafunk_ghost_mausoleum,
          serial_glass, glass_columns_a, glass_columns_a, glass_columns_a,
          glass_columns_c, glass_columns_c, glass_columns_a, uniq_natasha,
          uniq_sigmund, uniq_grinder
D:4:      layout_loops_corners, mainiacjoe_overflow_six_doors_small,
          nicolae_overflow_hidden_temple
D:5:      layout_gridville, minmay_temple_entry_overgrown, uniq_prince_ribbit1

Skill      XL: |  1  2  3  4 |
---------------+-------------+-----
Stealth        | |  9.6
Invocations    | 1 |  1.5
Short Blades   | 1 |  1.3
Long Blades    | 1 |  1.3
Axes           | 1 |  1.3
Polearms       | 1 |  1.3
Staves         | 1 |  1.3
Slings         | 1 |  1.3
Bows           | 1 |  1.3
Crossbows      | 1 |  1.3
Throwing       | 1 |  1.3
Armour         | 1 |  1.3
Shields        | 1 |  1.3
Unarmed Combat | 1 |  1.3
Spellcasting   | 1 |  1.3
Evocations     | 1 |  1.3
Conjurations   | 1 |  1.1
Hexes          | 1 |  1.1
Summonings     | 1 |  1.1
Necromancy     | 1 |  1.1
Translocations | 1 |  1.1
Transmutations | 1 |  1.1
Fire Magic     | 1 |  1.1
Ice Magic      | 1 |  1.1
Air Magic      | 1 |  1.1
Earth Magic    | 1 |  1.1
Poison Magic   | 1 |  1.1
Fighting       | |  6.6
Maces & Flails | |  4.7
Dodging        | |  4.7

Action                   |  1- 3 |  4- 6 || total
-------------------------+-------+-------++-------
Melee: Mace              |    64 |       ||    64
       Bite              |     6 |     3 ||     9
       Flail             |       |    40 ||    40
 Fire: Hunting sling     |    13 |    44 ||    57
Throw: Stone             |     5 |       ||     5
  Use: Scroll            |     1 |       ||     1
       Potion            |       |     1 ||     1
 Stab: Sleeping          |     7 |     2 ||     9
Armor: Leather armour    |    10 |       ||    10
       Ring mail         |    10 |     1 ||    11
       Scale mail        |       |    10 ||    10
Dodge: Dodged            |    47 |    24 ||    71

Table legend: (Time is in decaauts)
 A = Elapsed time spent in this place.
 B = Non-inter-level travel time spent in this place.
 C = Inter-level travel time spent in this place.
 D = Time resting spent in this place.
 E = Time spent auto-exploring this place.
 F = Levels seen in this place.
 G = Mean time per level.
                   A        B        C        D        E       F      G
               +--------+--------+--------+--------+--------+-----+--------+
         Total |   3786 |   3708 |     78 |    828 |   1700 |   5 |  757.2 |
       Dungeon |   3786 |   3708 |     78 |    828 |   1700 |   5 |  757.2 |
               +--------+--------+--------+--------+--------+-----+--------+

Top non-repeatable levels by time:
     D:2: 1514 daAuts
     D:1: 971 daAuts
     D:3: 825 daAuts
     D:5: 347 daAuts
     D:4: 127 daAuts
